Map: 2000 Atmospheres LE

Players

TLHarstem (Harstem) - Winner!

  • Race: Protoss Protoss
  • League: Master

HellraiseR

  • Race: Protoss Protoss
  • League: Grandmaster

Event: DreamHack SC2 Masters 2021 Summer

VOD

Have the link to the VOD?

Description

Time

  • Played on: May 29, 2021, 1:55 p.m.
  • Length: 9:42

All games in this series

Show
View Real Time Build Order
Export as new Build Order

TLHarstem Protoss - Winner!

Build Orders: Phoenix Opening, Blink Stalkers, Zealot Archon 

Get SALT Encoding   

  12  0:00  Probe  
  13  0:12  Probe  
  14  0:17  Pylon  
  14  0:24  Probe (Chrono Boost)  
  15  0:36  Probe (Chrono Boost)  
  15  0:37  Gateway  
  16  0:45  Probe (Chrono Boost)  
  16  0:47  Assimilator  
  17  0:51  Probe  
  17  0:55  Assimilator  
  18  1:03  Probe (Chrono Boost)  
  19  1:08  Gateway  
  19  1:12  Probe (Chrono Boost)  
  19  1:17  Probe (Chrono Boost)  
  20  1:25  Cybernetics Core  
  21  1:29  Probe  
  22  1:35  Pylon  
  22  1:41  Probe  
  23  1:53  Probe  
  24  1:59  Warp Gate (Chrono Boost)  
  24  2:01  Stalker  
  24  2:02  Stalker  
  28  2:10  Pylon  
  28  2:23  Probe  
  29  2:32  Sentry  
  31  2:37  Sentry  
  31  2:42  Nexus  
  32  2:45  Probe  
  33  2:55  Pylon  
  33  2:58  Probe  
  34  3:05  Sentry  
  36  3:07  Phoenix  
  36  3:10  Probe (Chrono Boost)  
  37  3:15  Shield Battery  
  37  3:19  Twilight Council  
  37  3:22  Probe (Chrono Boost)  
  38  3:28  Probe (Chrono Boost)  
  38  3:32  Forge  
  39  3:36  Probe  
  41  3:51  Probe (Chrono Boost)  
  41  3:54  Probe (Chrono Boost)  
  42  3:56  Phoenix  
  42  3:58  Blink  
  44  4:03  Probe (Chrono Boost)  
  44  4:04  Probe (Chrono Boost)  
  44  4:07  Protoss Ground Weapons Level 1 (Chrono Boost)  
  44  4:08  Probe (Chrono Boost)  
  44  4:16  Probe (Chrono Boost), Robotics Facility  
  46  4:20  Probe (Chrono Boost)  
  47  4:28  Probe x2 (Chrono Boost)  
  49  4:33  Nexus  
  49  4:35  Probe  
  49  4:36  Probe  
  51  4:42  Assimilator  
  51  4:43  Phoenix  
  51  4:44  Stalker  
  53  4:47  Probe  
  53  4:49  Probe  
  55  4:55  Stalker  
  55  4:58  Pylon  
  55  4:59  Probe  
  58  5:01  Probe  
  58  5:04  Observer (Chrono Boost)  
  60  5:08  Gateway  
  60  5:11  Gateway, Stalker  
  62  5:14  Pylon  
  62  5:20  Stalker  
  65  5:21  Probe  
  65  5:22  Phoenix  
  65  5:26  Immortal (Chrono Boost)  
  65  5:32  Probe  
  70  5:36  Probe  
  70  5:38  Pylon  
  70  5:39  Stalker  
  73  5:44  Probe  
  73  5:47  Shield Battery  
  73  5:48  Probe  
  75  5:50  Probe  
  75  5:56  Probe  
  77  6:00  Probe  
  77  6:02  Phoenix, Immortal  
  77  6:03  Probe, Pylon  
  77  6:04  Protoss Ground Weapons Level 2 (Chrono Boost)  
  83  6:09  Probe  
  84  6:15  Probe  
  84  6:16  Probe  
  86  6:20  Charge (Chrono Boost)  
  86  6:21  Probe, Pylon  
  87  6:28  Gateway  
  87  6:30  Gateway  
  87  6:31  Probe x2  
  89  6:40  Probe, Gateway  
  89  6:41  Assimilator  
  89  6:42  Gateway  
  89  6:44  Templar Archives, Probe  
  91  6:51  Probe  
  91  6:54  Warp Prism, Assimilator  
  92  7:00  Probe  
  95  7:03  Probe  
  95  7:06  Photon Cannon  
  96  7:18  Probe, Nexus  
  96  7:19  Pylon  
  97  7:23  High Templar x2  
  97  7:24  Zealot x4  
  97  7:26  Pylon  
  109  7:30  Archon  
  109  7:32  Pylon  
  109  7:39  Gateway  
  109  7:41  High Templar x2  
  109  7:43  Gateway  
  113  7:46  Archon, Pylon  
  113  7:47  Zealot x3  
  119  7:52  Warp Prism  
  119  7:57  High Templar x2  
  119  7:58  Zealot  
  125  8:00  Probe  
  125  8:01  Archon, Pylon  
  126  8:07  Zealot x3  
  124  8:20  Zealot  
  124  8:21  Zealot x2  
  124  8:22  Probe  
  124  8:23  Probe  
  124  8:24  Probe  
  124  8:26  Shield Battery  
  133  8:31  Probe  
  133  8:32  High Templar x2  
  133  8:33  Zealot x3  
  144  8:34  Probe  
  144  8:35  Probe  
  144  8:37  Archon  
  144  8:39  Probe  
  144  8:40  Photon Cannon  
  144  8:41  Photon Cannon  
  147  8:43  Zealot  
  149  8:55  Probe  
  150  8:58  High Templar  
  150  8:59  High Templar, Zealot x4  
  150  9:00  Zealot  
  150  9:02  Probe  
  165  9:03  Pylon  
  165  9:05  Archon, Pylon  
  165  9:06  Pylon, Zealot  
  165  9:08  Zealot  
  169  9:14  Zealot  
  171  9:18  Assimilator  
  171  9:20  Assimilator  
  169  9:25  Zealot  
  169  9:26  Zealot x5  
  163  9:33  Zealot  
  163  9:34  Zealot x2  
Show
View Real Time Build Order
Export as new Build Order

HellraiseR Protoss 

Build Orders: Phoenix Opening, Archon Immortal, Blink Stalkers 

Get SALT Encoding   

  12  0:00  Probe  
  13  0:12  Probe  
  14  0:17  Pylon  
  14  0:24  Probe (Chrono Boost)  
  15  0:37  Probe (Chrono Boost), Gateway  
  15  0:42  Probe (Chrono Boost)  
  16  0:46  Assimilator  
  17  0:52  Probe (Chrono Boost)  
  17  0:54  Assimilator  
  19  1:04  Probe (Chrono Boost)  
  19  1:08  Gateway  
  19  1:13  Probe (Chrono Boost)  
  20  1:18  Probe  
  20  1:24  Cybernetics Core  
  21  1:30  Probe  
  22  1:33  Pylon  
  22  1:43  Probe  
  23  1:55  Probe  
  24  2:01  Stalker x2, Warp Gate  
  24  2:08  Probe  
  29  2:14  Pylon  
  29  2:33  Sentry x2  
  33  2:46  Probe  
  33  2:47  Nexus  
  35  2:58  Probe  
  34  3:06  Sentry, Stalker  
  34  3:07  Phoenix, Shield Battery  
  38  3:12  Pylon  
  38  3:22  Twilight Council  
  38  3:25  Probe  
  39  3:37  Probe  
  40  3:49  Probe (Chrono Boost)  
  41  3:57  Blink  
  41  3:58  Forge  
  41  3:59  Phoenix  
  41  4:00  Probe x2 (Chrono Boost)  
  43  4:08  Probe x2 (Chrono Boost)  
  45  4:16  Probe (Chrono Boost)  
  47  4:17  Probe (Chrono Boost)  
  47  4:19  Robotics Facility  
  49  4:24  Probe (Chrono Boost)  
  49  4:25  Probe (Chrono Boost)  
  49  4:27  Protoss Ground Weapons Level 1 (Chrono Boost)  
  50  4:31  Probe (Chrono Boost)  
  50  4:32  Probe (Chrono Boost)  
  50  4:35  Assimilator  
  50  4:36  Pylon  
  51  4:39  Probe  
  51  4:42  Probe  
  53  4:47  Phoenix  
  53  4:51  Probe  
  54  4:55  Probe  
  55  5:02  Nexus  
  55  5:03  Probe, Pylon  
  55  5:06  Observer  
  57  5:10  Stalker x2  
  57  5:11  Probe  
  62  5:16  Probe  
  62  5:19  Gateway, Phoenix  
  63  5:24  Gateway  
  63  5:25  Probe  
  64  5:28  Probe  
  65  5:37  Probe  
  65  5:42  Probe  
  67  5:44  Gateway x2  
  67  5:49  Probe  
  68  5:51  Charge  
  68  5:54  Stalker x2  
  72  5:58  Probe  
  72  6:00  Pylon  
  72  6:01  Probe  
  74  6:05  Pylon  
  74  6:10  Probe  
  75  6:13  Probe x2  
  77  6:19  Immortal (Chrono Boost)  
  77  6:22  Probe  
  82  6:26  Probe, Shield Battery  
  82  6:27  Protoss Ground Weapons Level 2 (Chrono Boost)  
  82  6:32  Probe  
  84  6:33  Templar Archives  
  84  6:35  Probe  
  84  6:36  Assimilator  
  84  6:38  Assimilator x2  
  84  6:39  Probe  
  86  6:45  Probe  
  87  6:47  Probe  
  87  6:50  Pylon, Immortal (Chrono Boost)  
  87  6:51  Probe, Pylon  
  93  6:58  Probe  
  93  6:59  Probe  
  95  7:05  Nexus  
  95  7:11  High Templar x2  
  95  7:12  Zealot x2  
  95  7:15  Pylon  
  103  7:16  Probe x2  
  103  7:17  Probe  
  103  7:19  Archon  
  106  7:27  Immortal  
  110  7:30  Probe x2  
  110  7:31  Probe  
  113  7:42  Probe x2, Photon Cannon  
  113  7:43  Photon Cannon  
  115  7:44  Photon Cannon  
  115  7:46  Photon Cannon  
  115  7:47  Probe  
  115  7:49  High Templar x2  
  115  7:50  Zealot x2  
  124  7:53  Archon  
  124  7:58  Stalker x2  
  128  8:03  Shield Battery  
  128  8:07  Probe  
  128  8:09  Probe  
  128  8:10  Probe  
  128  8:16  Zealot x2  
  128  8:18  Immortal  
  132  8:25  Zealot x4  
  140  8:29  Gateway  
  140  8:30  Gateway  
  140  8:42  Robotics Bay  
  140  8:46  Nexus  
  140  8:47  Zealot, Pylon  
  142  8:56  Probe x3  
  142  8:57  Probe  
  144  9:08  Probe  
  144  9:09  Probe  
  146  9:11  Probe  
  146  9:12  Robotics Facility  
  146  9:15  Probe  
  148  9:22  Zealot  
  148  9:23  Zealot x3  
  155  9:30  Zealot  
  155  9:31  Zealot x3  
Tags
 
Add a new tag
Caveats
  • Supply blocks, unpowered buildings, or Contaminate may cause inaccurate times.
  • Supply counts are checked every 10 seconds.